 Dungeon Crawl Stone Soup version 0.29.1-15-g9cfb28693d (webtiles) character file.

Game seed: 5893571595917443828

11266 raph the Arsonist (level 11, -5/60 HPs)
             Began as a Deep Elf Fire Elementalist on Apr 18, 2023.
             Was an Elder of Sif Muna.
             Engulfed by an ice statue's freezing vapour (18 damage)
             ... in an ice cave.
             The game lasted 00:20:53 (14306 turns).

raph the Arsonist (Deep Elf Fire Elementalist)     Turns: 14306, Time: 00:20:54

Health: -5/60      AC:  9    Str:  5    XL:     11   Next: 47%
Magic:  31/45      EV: 11    Int: 25    God:    Sif Muna [****..]
Gold:   430        SH:  0    Dex: 15    Spells: 3/31 levels left

rFire   . . .      SeeInvis +   a - +3 scimitar (flame)
rCold   . . .      Faith    .   (no shield)
rNeg    + . .      Spirit   .   E - +2 leather armour of the Game of Life {MP+9 SInv}
rPois   .          Reflect  .   c - +1 hat
rElec   .          Harm     .   L - +1 cloak
rCorr   +          Rampage  .   (no gloves)
Will    +....                   v - +0 pair of boots of Histrionic Beauty {rN+ Regen+}
Stlth   ++........              J - amulet of the acrobat
HPRegen 1.00/turn               P - ring of magical power
MPRegen 0.29/turn               l - ring of resist corrosion

@: acrobatic, constricted
A: no striking features
a: Renounce Religion, Channel Magic, Forget Spell, Divine Exegesis


You were in an ice cave.
You worshipped Sif Muna.
Sif Muna was greatly pleased with you.
You visited 3 branches of the dungeon, and saw 10 of its levels.
You also visited: Ice Cave.

You collected 472 gold pieces.
You spent 42 gold pieces at shops.

Inventory:

Hand Weapons
 a - a +3 scimitar of flaming (weapon)
 d - a +0 dagger of draining
 z - a +3 long sword of flaming
 I - a +1 dagger of pain
Missiles
 w - 24 poisoned darts
 y - 4 throwing nets
 H - 3 curare-tipped darts
Armour
 c - a +1 hat (worn)
 v - the +0 pair of boots of Histrionic Beauty (worn) {rN+ Regen+}
   (You found it on level 7 of the Dungeon)

   rN:        It protects you from negative energy.
   Regen:     It increases your rate of health regeneration.
 A - +0 steam dragon scales
 E - the +2 leather armour of the Game of Life (worn) {MP+9 SInv}
   (You took it off Blork the orc on level 6 of the Dungeon)

   MP:        It affects your magic capacity (+9).
   SInv:      It lets you see invisible.
 L - a +1 cloak (worn)
Magical Staves
 e - a staff of cold
 r - a staff of poison
 F - a staff of conjuration
Jewellery
 l - a ring of resist corrosion (right hand)
 G - a ring of see invisible
 J - an amulet of the acrobat (around neck)
 P - a ring of magical power (left hand)
Wands
 m - a wand of paralysis (22)
 D - a wand of flame (41)
 N - a wand of polymorph (7)
 O - a wand of mindburst (23)
 Q - a wand of roots (1)
Scrolls
 b - 8 scrolls of teleportation
 f - a scroll of immolation
 o - a scroll of amnesia
 t - 2 scrolls of poison
 u - a scroll of brand weapon
 M - a scroll of magic mapping
 R - a scroll of silence {unknown}
Potions
 g - a potion of brilliance {unknown}
 h - 2 potions of lignification
 i - 3 potions of heal wounds
 j - 4 potions of haste
 k - 3 potions of attraction
 n - 2 potions of mutation
 p - a potion of magic
 q - 6 potions of curing
 s - 2 potions of flight
 x - a potion of resistance
 B - a potion of cancellation
 C - a potion of degeneration {unknown}
 K - 3 potions of berserk rage {unknown}


   Skills:
 + Level 3.9 Fighting
 + Level 6.6 Dodging
 - Level 2.4 Stealth
 + Level 10.5 Spellcasting
 + Level 6.8 Conjurations
 * Level 7.1 Hexes
 + Level 11.8 Fire Magic
 * Level 7.2 Ice Magic
 + Level 1.9 Invocations


You had 3 spell levels left.
You knew the following spells:

 Your Spells              Type           Power      Damage    Failure   Level
a - Foxfire               Conj/Fire      100%       2x1d9     1%          1
b - Scorch                Fire           100%       2d10      1%          2
c - Conjure Flame         Conj/Fire      56%        6-21      1%          3
d - Ozocubu's Armour      Ice            49%        N/A       1%          3
e - Flame Wave            Conj/Fire      56%        2d13      1%          4
f - Tukima's Dance        Hex            48%        N/A       1%          3
g - Inner Flame           Hex/Fire       57%        N/A       1%          3
h - Metabolic Englaciati  Hex/Ice        24%        N/A       11%         5
i - Sticky Flame          Conj/Fire      56%        2d7       1%          4

Your spell library contained the following spells:

 Spells                   Type           Power      Damage    Failure   Level
 Ensorcelled Hibernation  Hex/Ice        98%        N/A       1%          2
 Portal Projectile        Hex/Tloc       62%        N/A       5%          3
 Stone Arrow              Conj/Erth      60%        3d10      6%          3
 Necrotise                Necr           52%        1d6       8%          1
 Spider Form              Tmut/Pois      13%        N/A       24%         3
 Vampiric Draining        Necr           13%        2d6       24%         3
 Anguish                  Hex/Necr       15%        N/A       19%         4
 Iskenderun's Mystic Bla  Conj/Tloc      30%        2d8       19%         4
 Lightning Bolt           Conj/Air       15%        1d29      47%         5
 Agony                    Necr           13%        N/A       91%         5
 Blade Hands              Tmut           6%         N/A       91%         5
 Simulacrum               Ice/Necr       15%        N/A       95%         6
 Orb of Destruction       Conj           23%        9d8       98%         7
 Ozocubu's Refrigeration  Ice            24%        4d12      98%         7
 Fire Storm               Conj/Fire      28%        8d7       100%        9


Dungeon Overview and Level Annotations

Branches:
Dungeon (8/15)             Temple (1/1) D:4            Lair (1/5) D:8
  IceCv (1/1)

Altars:
Ashenzari
Dithmenos
Elyvilon
Fedhas
Gozag
Hepliaklqana
Makhleb
Nemelex Xobeh
Okawaru
Ru
Sif Muna
Trog
Uskayaw
Vehumet
Xom
Yredelemnul
The Shining One

Shops:
D:5 *

Annotations:
D:6 4 runed translucent doors IceCv exclusion: 2 ice statues


Message History

The shard of ice hits you!
The ice statue gestures.
The ice beast misses you.
Casting: Scorch (safe; 1% risk of failure)
Confirm with . or Enter, or press ? or * to list all spells.
Flames lash the ice statue.
The ice statue melts!
The ice statue is severely damaged.
The ice beast hits you but does no damage.
Casting: Scorch (safe; 1% risk of failure)
Confirm with . or Enter, or press ? or * to list all spells.
Casting: Flame Wave (dangerous; 1% risk of failure)
Press: ? - help, Dir - look around, f - activate A wave of flame ripples out!
The flame wave engulfs the anaconda simulacrum!!
The anaconda simulacrum melts!
The anaconda simulacrum is heavily damaged.
The flame wave engulfs the ice beast!!
The ice beast melts!
You kill the ice beast!
The ice beast disappears in a puff of smoke!
The flame wave engulfs the ice statue but does no damage.
The ice statue is severely damaged. (Press . to intensify the flame waves.)
The anaconda simulacrum grabs you. The anaconda simulacrum bites you.
The anaconda simulacrum freezes you!!
* * * LOW HITPOINT WARNING * * *
The anaconda simulacrum constricts you.
* * * LOW HITPOINT WARNING * * *
The ice statue gestures at you. The freezing blast misses you.
A wave of flame ripples out!
You hear a sizzling sound! x3
The flame wave engulfs the anaconda simulacrum!
The anaconda simulacrum melts!
The anaconda simulacrum is almost destroyed.
You hear a sizzling sound!
The flame wave engulfs the ice statue but does no damage.
The ice statue is severely damaged.
You hear a sizzling sound! x5
You are engulfed in freezing vapours.
You die...

##...#
##.........
##...## #..2...#
#...######....###
#..##≈≈≈#.....#
##..#.≈≈≈)#.....#
##...##≈####....#
##..##### ##....
#8#....#8### #...
#..Y...@Z..# ≈##
#......§.....# ≈
#...............
##..........#...
#..........## .#
##........## #
##...##### #####


You could see 2 ice statues, an ice beast (summoned) and an anaconda simulacrum.

Vanquished Creatures
  A reaper (IceCv)
  Erica (D:8)
  Nergalle (Lair:1)
  Pikel (D:4)
  Maurice (D:8)
  Maggie (D:6)
  A rime drake (Lair:1)
  A cane toad (Lair:1)
  A komodo dragon (D:8)
  3 ice devils (IceCv)
  A troll (D:6)
  4 blink frogs (Lair:1)
  5 yaks (D:8)
  A death yak simulacrum (IceCv)
  A harpy simulacrum (IceCv)
  4 water moccasins
  Duvessa (D:6)
  An orc warrior (D:8)
  A black bear (D:7)
  2 sky beasts
  2 ice beasts
  An ogre (D:5)
  4 centaurs
  5 phantoms
  Blork the orc (D:6)
  3 bullfrogs
  2 kobold brigands (D:8)
  A necrophage (D:4)
  3 gnoll sergeants
  3 two-headed ogre simulacra (IceCv)
  2 scorpions
  8 wights
  Dowan (D:6)
  An elephant simulacrum (IceCv)
  9 killer bees
  2 howler monkeys (D:8)
  An electric eel (D:8)
  5 hounds
  A jelly (D:6)
  5 orc priests
  An iguana (D:6)
  2 gnoll boudas
  4 orc wizards
  2 spriggan simulacra (IceCv)
  A troll simulacrum (IceCv)
  27 gnolls
  A naga simulacrum (IceCv)
  10 adders
  A shadow imp (D:5)
  A white imp (D:5)
  3 ufetubi
  2 worms
  5 dart slugs
  25 orcs
  5 ball pythons
  A bat (D:1)
  8 endoplasms
  3 giant cockroaches
  4 goblins
  5 hobgoblins
  3 jackals (D:1)
  4 quokkas
  7 frilled lizards
  19 kobolds
  4 rats
241 creatures vanquished.

Vanquished Creatures (collateral kills)
  A foxfire (D:8)
1 creature vanquished.

Vanquished Creatures (others)
  A dancing weapon (D:8)
  512 foxfires
  23 fungi
  37 plants
  3 withered plants (D:2)
576 creatures vanquished.

Grand Total: 818 creatures vanquished

Notes
Turn   | Place    | Note
-------+----------+-------------------------------------------
     0 | D:1      | raph the Deep Elf Fire Elementalist began the quest for the
                  | Orb.
     0 | D:1      | Reached XP level 1. HP: 10/10 MP: 6/6
   307 | D:1      | Reached XP level 2. HP: 15/15 MP: 5/8
   344 | D:1      | Reached skill level 4 in Fire Magic
   505 | D:1      | Learned a level 2 spell: Scorch
  1243 | D:2      | Reached XP level 3. HP: 19/19 MP: 3/9
  1247 | D:2      | Learned a level 3 spell: Conjure Flame
  1750 | D:2      | Reached skill level 5 in Fire Magic
  2005 | D:2      | Found a faded altar of an unknown god.
  2586 | D:3      | Reached XP level 4. HP: 10/24 MP: 3/11
  3168 | D:3      | Noticed a phantom
  3177 | D:3      | Killed a phantom
  3178 | D:3      | Reached skill level 6 in Fire Magic
  3178 | D:3      | Reached XP level 5. HP: 16/28 MP: 3/13
  3673 | D:4      | Noticed Pikel
  3673 | D:4      | Noticed a lemure
  3673 | D:4      | Noticed a lemure
  3673 | D:4      | Noticed a lemure
  3681 | D:4      | Noticed a lemure
  3683 | D:4      | Killed Pikel
  3684 | D:4      | Reached skill level 8 in Fire Magic
  3684 | D:4      | Reached XP level 6. HP: 18/32 MP: 4/17
  3684 | D:4      | Reached XP level 7. HP: 20/36 MP: 4/18
  4079 | D:4      | Found a staircase to the Ecumenical Temple.
  4098 | Temple   | Entered the Ecumenical Temple
  4140 | Temple   | Became a worshipper of Sif Muna the Loreminder
  4463 | D:4      | Found a sparkling altar of Nemelex Xobeh.
  4504 | D:4      | Learned a level 3 spell: Ozocubu's Armour
  4509 | D:4      | Learned a level 4 spell: Flame Wave
  4929 | D:5      | Entered Level 5 of the Dungeon
  4971 | D:5      | HP: 1/35 [wight/+0 long sword (11)]
  4984 | D:5      | Reached skill level 9 in Fire Magic
  4984 | D:5      | Reached skill level 1 in Ice Magic
  5282 | D:5      | Reached XP level 8. HP: 41/41 MP: 14/20
  5423 | D:5      | Found Mauggiud's General Store.
  5428 | D:5      | Reached * piety under Sif Muna
  5436 | D:5      | Bought a potion of curing for 42 gold pieces
  6415 | D:5      | Found a bloodstained altar of Trog.
  6951 | D:5      | Learned a level 3 spell: Tukima's Dance
  6955 | D:5      | Learned a level 3 spell: Inner Flame
  7248 | D:6      | Found a burning altar of Makhleb.
  7284 | D:6      | Reached skill level 10 in Fire Magic
  7657 | D:6      | Found a large runed translucent door.
  7658 | D:6      | Found a large runed translucent door.
  7659 | D:6      | Found a large runed translucent door.
  7659 | D:6      | Found a large runed translucent door.
  7678 | D:6      | Reached XP level 9. HP: 22/44 MP: 6/23
  7678 | D:6      | Reached ** piety under Sif Muna
  7848 | D:6      | Noticed Duvessa
  7849 | D:6      | Noticed Blork the orc
  7852 | D:6      | Noticed Dowan
  8412 | D:6      | Identified the +2 leather armour of the Game of Life {MP+9
                  | SInv}
  8417 | D:6      | Noticed Maggie
  8418 | D:6      | Killed Blork the orc
  8573 | D:6      | Killed Maggie
  8574 | D:6      | Reached skill level 1 in Hexes
  8983 | D:6      | Killed Dowan
  8996 | D:5      | Reached skill level 1 in Fighting
  9350 | D:6      | Killed Duvessa
  9510 | D:6      | Found a shadowy altar of Dithmenos.
  9889 | D:6      | Noticed a troll
  9893 | D:6      | Killed a troll
  9894 | D:6      | Reached skill level 5 in Conjurations
 10334 | D:7      | Identified the +0 pair of boots of Histrionic Beauty {rN+
                  | Regen+}
 10548 | D:7      | Reached skill level 11 in Fire Magic
 10548 | D:7      | Reached skill level 5 in Ice Magic
 10548 | D:7      | Reached XP level 10. HP: 38/53 MP: 24/25
 10926 | D:7      | Found a basalt altar of Yredelemnul.
 11359 | D:8      | Found a white marble altar of Elyvilon.
 11537 | D:8      | Reached *** piety under Sif Muna
 11538 | D:8      | Reached skill level 5 in Dodging
 11561 | D:8      | Noticed Erica
 11658 | D:8      | Noticed Maurice
 11666 | D:8      | Killed Maurice
 11753 | D:8      | Found an iron altar of Okawaru.
 11953 | D:8      | Killed Erica
 11954 | D:8      | Reached skill level 5 in Hexes
 12035 | D:8      | Reached skill level 10 in Spellcasting
 12105 | D:8      | Found a staircase to the Lair.
 12284 | D:8      | Learned a level 5 spell: Metabolic Englaciation
 12453 | D:8      | Found a radiant altar of Vehumet.
 12795 | Lair:1   | Entered Level 1 of the Lair of Beasts
 12941 | Lair:1   | Noticed Nergalle
 12947 | Lair:1   | Killed Nergalle
 12948 | Lair:1   | Reached XP level 11. HP: 59/60 MP: 27/27
 13022 | Lair:1   | Identified a scroll of acquirement
 13022 | Lair:1   | Acquired the Cyclopedia of Attacks
 13029 | Lair:1   | Learned a level 4 spell: Sticky Flame
 13303 | Lair:1   | Reached skill level 1 in Invocations
 13329 | Lair:1   | Found a frozen archway.
 13340 | IceCv    | Entered an ice cave
 13506 | IceCv    | Reached **** piety under Sif Muna
 13926 | IceCv    | Noticed a reaper
 14057 | IceCv    | Killed a reaper
 14306 | IceCv    | Engulfed by an ice statue's freezing vapour

Illustrated notes

Levels and vault maps discovered:
D:1:      dpeg_arrival_arbitrary_b, layout_basic, minmay_heptomino_l4
D:2:      layout_basic, ebering_ecumenical_altar_petrified
D:3:      layout_rooms
D:4:      layout_loops_cross, nemelex_spade_bored_becter,
          minmay_temple_entry_ruins, uniq_pikel
D:5:      layout_basic, trog_three_pillars_becter, serial_shops,
          nicolae_shop_crystal
D:6:      layout_gridville, nicolae_dithmenos_shadow_blocks,
          mainiacjoe_overflow_24_doors, minmay_hollow_rounded_squares,
          uniq_duvessa, uniq_blork_the_orc, uniq_maggie
D:7:      layout_cave_pools, mainiacjoe_overflow_chevrons
D:8:      layout_basic, nicolae_elyvilon_temple_path, general_overflow_altar,
          mainiacjoe_overflow_brackets, grunt_lair_entry_orc_guard_hut,
          uniq_maurice, uniq_erica
Temple:   nicolae_temple_cloud_nine
Lair:1:   layout_loops_ring, portal_ice_cave_rime, grunt_megastairs_3,
          uniq_nergalle
IceCv:    ice_cave_small_demon

Skill      XL: |  1  2  3  4  5  6  7  8  9 10 11 |
---------------+----------------------------------+-----
Fire Magic     | 4 5 6 8 9 10 11 | 11.8
Spellcasting   | 4 6 7 8 9 10 | 10.5
Ice Magic      | 1 3 5 6 7 |  7.2
Conjurations   | 2 3 5 6 |  6.8
Dodging        | 4 6 |  6.6
Hexes          | 3 5 7 |  7.1
Fighting       | 2 3 |  3.9
Invocations    | 1 |  1.9
Stealth        | |  2.4

Action                   |  1- 3 |  4- 6 |  7- 9 | 10-12 || total
-------------------------+-------+-------+-------+-------++-------
Melee: Dagger            |     1 |       |       |       ||     1
       Long sword        |     1 |       |     2 |       ||     3
       Scimitar          |       |       |     2 |    14 ||    16
 Cast: Foxfire           |    59 |    36 |    91 |   107 ||   293
       Scorch            |    12 |     9 |    71 |    56 ||   148
       Flame Wave        |       |       |    20 |    23 ||    43
       Conjure Flame     |       |       |     4 |       ||     4
       Tukima's Dance    |       |       |     2 |     2 ||     4
       Inner Flame       |       |       |       |     4 ||     4
Evoke: Wand              |       |       |     4 |     4 ||     8
  Use: Scroll            |     4 |     1 |    12 |     7 ||    24
       Potion            |       |     1 |       |     1 ||     2
Armor: Robe              |     2 |       |     2 |       ||     4
       Leather armour    |       |       |    10 |    23 ||    33
       Steam dragon scal |       |       |     1 |       ||     1
Dodge: Dodged            |    14 |    11 |    51 |    65 ||   141
